[Event "ICC tourney 3298 (40 10)"]
[Site "Internet Chess Club"]
[Date "2023.10.07"]
[Round "4"]
[White "MARCHENKO, VITALIY:KingPawn23"]
[Black "Bronshtein, Marc:MarcBronshtein"]
[Result "0-1"]
[ICCResult "White checkmated"]
[WhiteElo "1816"]
[BlackElo "1507"]
[Opening "French: advance variation"]
[ECO "C02"]
[NIC "FR.03"]
[Time "17:45:47"]
[PlyCount "84"]
[TimeControl "2400+10"]

1. e4 e6 2. d4 d5 3. e5 c5 4. c3 Qb6 5. Nf3 Nc6 6. a3 Bd7 7. Be2 Rc8 8. O-O
cxd4 9. cxd4 Nge7 10. Nc3 Nf5 11. Na4 Qd8 12. b4 Ncxd4 13. Nxd4 Nxd4 14.
Qxd4 Bxa4 15. Qxa7 Qd7 16. Be3 Be7 17. Rfc1 O-O 18. Qb6 Rfd8 19. Bd4 Bg5 20.
Rc5 Be7 21. Rcc1 Bg5 22. Be3 Bxe3 23. fxe3 h6 24. Rc5 Rxc5 25. Qxc5 Rc8 26.
Qd4 Bb5 27. Bd3 Bxd3 28. Qxd3 Rc4 29. Ra2 Qc7 30. b5 Qxe5 31. Rc2 Rxc2 32.
Qxc2 Qxe3+ 33. Kf1 d4 34. Qe2 Qxa3 35. Qc4 Qe3 36. Qc8+ Kh7 37. Qxb7 d3 38.
Qf3 Qc1+ 39. Kf2 d2 40. Qe4+ g6 41. Qf4 Qe1+ 42. Kf3 d1=Q# {White
checkmated} 0-1

[Event "ICC tourney 3298 (40 10)"]
[Site "Internet Chess Club"]
[Date "2023.10.07"]
[Round "4"]
[White "TRIPATHY, SIDDHARTH KESHAV:Sid907"]
[Black "Dillibabu, Jaithra:JaithraDilli"]
[Result "1/2-1/2"]
[ICCResult "Game drawn by repetition"]
[WhiteElo "1346"]
[BlackElo "1329"]
[Opening "French: Winawer, advance variation"]
[ECO "C17"]
[NIC "FR.10"]
[Time "17:45:14"]
[PlyCount "97"]
[TimeControl "2400+10"]

1. e4 e6 2. d4 d5 3. Nc3 Bb4 4. e5 c5 5. Nf3 Nc6 6. Bb5 Qb6 7. O-O Bxc3 8.
Bxc6+ bxc6 9. bxc3 Ne7 10. Be3 Nf5 11. dxc5 Nxe3 12. cxb6 Nxd1 13. Rfxd1
axb6 14. Rdb1 b5 15. Nd4 Bd7 16. h3 Ke7 17. a3 Ra4 18. Kf1 Rha8 19. Rb3 Rc4
20. Ke2 Raa4 21. Kd3 Ra8 22. Kd2 Rca4 23. Kc1 R8a5 24. Kb2 c5 25. Nf3 Re4
26. Re1 Raa4 27. Rxe4 Rxe4 28. c4 Rxc4 29. Rc3 Rxc3 30. Kxc3 h6 31. Nd2 f6
32. f4 fxe5 33. fxe5 c4 34. Nf3 Kd8 35. Kb4 Kc7 36. Kc5 g6 37. Nd4 h5 38.
Nxb5+ Bxb5 39. Kxb5 Kb7 40. c3 h4 41. a4 Ka7 42. a5 g5 43. Kc5 Ka6 44. Kb4
Kb7 45. Kb5 Ka7 46. Kb4 Kb7 47. Kb5 Kc7 48. Kc5 Kb7 49. Kb5
{Game drawn by repetition}
1/2-1/2

[Event "ICC tourney 3298 (40 10)"]
[Site "Internet Chess Club"]
[Date "2023.10.07"]
[Round "5"]
[White "Malhotra, Rehaan:MrRap"]
[Black "Bronshtein, Marc:MarcBronshtein"]
[Result "0-1"]
[ICCResult "White checkmated"]
[WhiteElo "1563"]
[BlackElo "1507"]
[Opening "French: exchange variation"]
[ECO "C01"]
[NIC "FR.01"]
[Time "20:02:14"]
[PlyCount "68"]
[TimeControl "2400+10"]

1. e4 e6 2. d4 d5 3. exd5 exd5 4. Nf3 Bd6 5. c3 Ne7 6. Be2 O-O 7. O-O c6 8.
Be3 h6 9. h3 Re8 10. Bd3 Bf5 11. Qc2 Bxd3 12. Qxd3 Nd7 13. Nbd2 Nf6 14. Rfe1
Ng6 15. Nb3 b6 16. Nbd2 Qd7 17. Qc2 Ne4 18. Nxe4 dxe4 19. Nd2 f5 20. Nc4 Bc7
21. Bd2 Rad8 22. Rad1 Qd5 23. Ne3 Qd6 24. g3 Nh4 25. Kh1 f4 26. Nc4 Qe6 27.
g4 Qd5 28. Bxf4 e3+ 29. f3 Qxf3+ 30. Kg1 Bxf4 31. Ne5 Rxe5 32. dxe5 Qg3+ 33.
Kh1 Qxh3+ 34. Kg1 Nf3# {White checkmated} 0-1

[Event "ICC tourney 3298 (40 10)"]
[Site "Internet Chess Club"]
[Date "2023.10.07"]
[Round "5"]
[White "Lin, Owen:OLin23"]
[Black "BERKLEY, DARRIN K:drberkley"]
[Result "0-1"]
[ICCResult "White resigns"]
[WhiteElo "1530"]
[BlackElo "1865"]
[Opening "Pirc: classical (two knights) system"]
[ECO "B08"]
[NIC "PU.10"]
[Time "20:02:08"]
[PlyCount "113"]
[TimeControl "2400+10"]

1. e4 d6 2. d4 Nf6 3. Nc3 g6 4. Nf3 Bg7 5. Bc4 O-O 6. Be3 a6 7. e5 Ng4 8.
Bf4 c5 9. exd6 cxd4 10. dxe7 Qxe7+ 11. Ne2 Nc6 12. h3 Qb4+ 13. Nd2 Nge5 14.
Bb3 d3 15. Bxe5 dxe2 16. Qxe2 Nxe5 17. O-O Bd7 18. c3 Qb6 19. Rfe1 Rfe8 20.
Nf3 Nxf3+ 21. Qxf3 Be6 22. Bxe6 fxe6 23. Re2 Rad8 24. Rae1 e5 25. Qe4 Rd7
26. Qc4+ Kh8 27. Qa4 Red8 28. Qa3 h6 29. b3 Rd2 30. Qc1 Rxe2 31. Rxe2 Qd6
32. Qe3 Qd3 33. Qxd3 Rxd3 34. c4 Kg8 35. f3 Kf7 36. Kf2 Kf6 37. g4 g5 38.
Rc2 Ke6 39. Ke2 Rd7 40. Ke3 Bf8 41. c5 Rc7 42. b4 b6 43. Rb2 bxc5 44. bxc5
Bxc5+ 45. Ke2 Bd4 46. Rd2 Kd5 47. a4 a5 48. Kf1 Rc4 49. Ra2 Rc3 50. Kg2 Kc4
51. Kg3 Kb3 52. Ra1 Rxf3+ 53. Kxf3 Bxa1 54. Ke4 Kxa4 55. Kd3 Kb3 56. Kd2 Bd4
57. h4 {White resigns} 0-1

[Event "ICC tourney 3298 (40 10)"]
[Site "Internet Chess Club"]
[Date "2023.10.07"]
[Round "5"]
[White "MARCHENKO, VITALIY:KingPawn23"]
[Black "TRIPATHY, SIDDHARTH KESHAV:Sid907"]
[Result "0-1"]
[ICCResult "White resigns"]
[WhiteElo "1816"]
[BlackElo "1346"]
[Opening "Sicilian"]
[ECO "B50"]
[NIC "SI.01"]
[Time "20:02:10"]
[PlyCount "144"]
[TimeControl "2400+10"]

1. e4 c5 2. Nf3 d6 3. Bc4 Nc6 4. c3 e6 5. d4 cxd4 6. cxd4 d5 7. exd5 exd5 8.
Bb3 Nf6 9. Nc3 Be7 10. O-O O-O 11. Ne5 a6 12. Bf4 Bf5 13. Rc1 Rc8 14. Re1
Re8 15. Bg5 Be6 16. h3 h6 17. Be3 Bd6 18. f4 Bb4 19. Rf1 Ne7 20. Bc2 Nf5 21.
Bf2 Be7 22. g4 Nd6 23. f5 Bd7 24. a3 Nc4 25. Nxc4 dxc4 26. d5 Bd6 27. Qf3
Qc7 28. Kg2 Bc5 29. Rfe1 b5 30. Bg3 Bd6 31. Bb1 a5 32. Ne2 Nxd5 33. Nd4 Nf6
34. Rcd1 Rxe1 35. Rxe1 Bxg3 36. Qxg3 Qxg3+ 37. Kxg3 Re8 38. Rxe8+ Bxe8 39.
Kf3 Kf8 40. h4 Ke7 41. g5 hxg5 42. hxg5 Nd5 43. Be4 Nc7 44. Nc6+ Bxc6 45.
Bxc6 Kd6 46. Be4 Kc5 47. f6 gxf6 48. gxf6 Ne6 49. Ke3 Kd6 50. Bc2 Ke5 51. b3
cxb3 52. Bxb3 Kxf6 53. a4 Nc5 54. Bxf7 Kxf7 55. axb5 Ke7 56. Kd4 Kd6 57. Kc4
Nb7 58. Kb3 Kc5 59. Ka4 Kc4 60. b6 Kc5 61. Ka3 Kxb6 62. Ka4 Nc5+ 63. Ka3 Kb5
64. Ka2 Kb4 65. Kb2 a4 66. Ka2 a3 67. Kb1 Kb3 68. Ka1 Ne6 69. Kb1 Nd4 70.
Ka1 Nc2+ 71. Kb1 a2+ 72. Kc1 a1=Q+ {White resigns} 0-1